Map: Eternal Empire LE

Players

LiquidClem (Clem)

  • Race: Terran Terran
  • Spawn Location: 1:00

Stats - Winner!

  • Race: Protoss Protoss
  • Spawn Location: 7:00

Event: StayAtHomestory Cup #2

VOD

Have the link to the VOD?

Description

Time

  • Played on: June 13, 2020, 11:59 a.m.
  • Length: 14:27

All games in this series

Show
View Real Time Build Order
Export as new Build Order

LiquidClem Terran 

Build Orders: Reaper Expand 

Get SALT Encoding   

  12  0:00  SCV  
  13  0:12  SCV  
  14  0:17  Supply Depot  
  14  0:25  SCV  
  15  0:38  SCV  
  15  0:40  Barracks  
  16  0:43  Refinery  
  16  0:50  SCV  
  17  1:03  SCV  
  18  1:15  SCV  
  19  1:28  Orbital Command, Reaper  
  20  1:46  Command Center  
  20  1:51  Supply Depot  
  20  1:54  SCV  
  20  2:00  Marine  
  22  2:06  SCV  
  23  2:10  Factory  
  23  2:16  Bunker  
  23  2:19  SCV  
  23  2:22  Barracks Reactor  
  24  2:31  Barracks  
  24  2:34  SCV  
  25  2:46  SCV  
  26  2:58  Orbital Command  
  26  3:00  SCV  
  26  3:05  Hellion x2, Barracks Tech Lab  
  31  3:13  SCV  
  32  3:22  Refinery  
  32  3:24  SCV  
  32  3:25  SCV, Stimpack  
  32  3:26  Marine  
  35  3:31  Supply Depot  
  35  3:33  Marine x2  
  37  3:36  SCV  
  37  3:38  SCV  
  39  3:44  Starport, Marine  
  39  3:48  SCV  
  41  3:50  SCV  
  41  3:51  Marine x2  
  41  3:54  Supply Depot  
  41  3:55  Factory Reactor  
  44  4:02  SCV, Marauder  
  47  4:05  Barracks  
  47  4:10  SCV  
  47  4:11  Refinery  
  47  4:12  Marine x2  
  50  4:19  SCV  
  50  4:22  SCV  
  50  4:23  Marauder  
  54  4:31  SCV, Bunker  
  55  4:33  Marine x2  
  55  4:35  Medivac  
  55  4:36  SCV  
  60  4:40  Widow Mine  
  62  4:46  Supply Depot  
  62  4:49  Supply Depot  
  62  4:56  Barracks Tech Lab  
  62  5:06  Factory Reactor  
  62  5:07  SCV x2, Marine x2, Marauder  
  62  5:09  Supply Depot  
  62  5:11  Combat Shield  
  68  5:16  Marauder  
  68  5:19  SCV  
  71  5:21  SCV  
  71  5:22  Supply Depot  
  71  5:25  Marine x2  
  71  5:27  Concussive Shells  
  71  5:31  SCV, Marauder  
  71  5:33  SCV  
  71  5:37  Marauder  
  71  5:40  Medivac  
  75  5:44  Marine, Medivac  
  75  5:45  Marine  
  78  5:51  SCV  
  78  5:53  Marauder  
  81  6:00  Supply Depot  
  81  6:02  Engineering Bay  
  83  6:04  Marine, Marauder  
  83  6:05  Marine  
  84  6:13  SCV x2  
  84  6:15  Widow Mine x2  
  91  6:18  Marauder  
  91  6:24  Marine x2  
  91  6:25  SCV  
  92  6:27  Marauder  
  92  6:28  SCV  
  92  6:32  Medivac  
  97  6:34  Terran Infantry Weapons Level 1  
  97  6:37  SCV  
  98  6:40  SCV  
  98  6:42  Marauder  
  98  6:44  Marine  
  98  6:45  Marine  
  103  6:50  Medivac  
  103  6:51  Marauder, Supply Depot  
  103  6:54  SCV x2  
  108  6:55  Refinery  
  109  7:12  Command Center  
  109  7:13  Marauder x2  
  109  7:15  Marine x2, Supply Depot  
  113  7:20  Supply Depot  
  113  7:22  SCV  
  115  7:25  Medivac  
  117  7:32  SCV  
  117  7:33  Medivac  
  117  7:36  Marine, Marauder  
  119  7:37  Supply Depot  
  119  7:39  Marauder  
  119  7:41  SCV, Marine  
  117  7:49  Barracks  
  117  7:51  Barracks  
  117  7:53  Supply Depot  
  117  7:55  Marine  
  118  8:01  SCV x2  
  118  8:02  Marauder  
  118  8:03  Starport  
  122  8:10  Viking x2  
  126  8:13  SCV  
  126  8:15  SCV, Marauder  
  126  8:16  Marine x2  
  127  8:24  Marauder  
  127  8:25  SCV  
  116  8:34  Marine x2  
  116  8:36  Marauder  
  116  8:37  Barracks Reactor, Barracks Tech Lab  
  116  8:40  Viking x2  
  122  8:44  Viking  
  122  8:45  Marauder  
  120  8:51  Viking  
  122  8:59  Marine x2  
  122  9:01  Marauder  
  124  9:08  Marauder  
  124  9:09  Supply Depot  
  126  9:10  Viking, Supply Depot  
  128  9:17  Viking  
  128  9:21  Marine x3  
  128  9:23  Marine  
  133  9:28  SCV x2, Ghost Academy  
  135  9:36  Marauder x3  
  141  9:39  Medivac  
  141  9:43  Marine x2  
  141  9:44  Marine  
  146  9:48  Orbital Command  
  146  9:55  Marine  
  146  9:58  SCV x2  
  147  10:00  Ghost, Terran Infantry Armor Level 1  
  147  10:01  Ghost  
  147  10:03  Ghost  
  153  10:09  Marine x3  
  153  10:13  Marine  
  158  10:17  Armory  
  158  10:19  Engineering Bay, Refinery  
  158  10:21  Refinery  
  156  10:27  Marine, Supply Depot  
  156  10:28  Ghost  
  157  10:29  Ghost  
  157  10:31  Marine x2  
  157  10:32  Marine  
  157  10:34  Ghost  
  166  10:41  Command Center  
  165  10:52  Marine x4  
  165  10:53  Supply Depot  
  165  10:54  Supply Depot  
  169  11:01  Marauder x2  
  172  11:04  Supply Depot  
  172  11:05  Terran Infantry Weapons Level 2  
  172  11:11  Viking x2  
  174  11:12  Viking  
  174  11:15  Marine x3  
  174  11:16  Marine  
  182  11:21  Viking  
  184  11:26  Sensor Tower  
  184  11:29  Missile Turret  
  184  11:34  Missile Turret  
  184  11:36  Marauder  
  184  11:37  Marauder  
  188  11:41  Marine x4  
  188  11:43  Terran Ship Weapons Level 1  
  192  11:52  Marauder  
  192  11:53  Orbital Command  
  194  11:56  Terran Infantry Armor Level 2  
  194  12:01  Marauder  
  194  12:02  Marauder  
  194  12:06  Marine x3  
  193  12:10  SCV  
  193  12:13  Marauder  
  189  12:23  Marauder  
  189  12:24  Marine  
  192  12:30  SCV  
  192  12:32  Marauder  
  192  12:33  SCV  
  196  12:39  Marine  
  196  12:40  Marine  
  200  12:44  Marauder  
  199  13:03  Missile Turret  
  199  13:04  Missile Turret  
  197  13:06  Missile Turret  
  197  13:10  Missile Turret, Marine x3  
  197  13:12  Orbital Command  
  200  13:29  Marauder  
  200  13:31  Missile Turret  
  200  13:46  Ghost  
  194  13:50  Ghost  
  177  14:03  Marine x2  
Show
View Real Time Build Order
Export as new Build Order

Stats Protoss - Winner!

Build Orders: 1 Gate Expand, Blink Stalkers 

Get SALT Encoding   

  12  0:01  Probe  
  13  0:13  Probe  
  14  0:17  Pylon  
  14  0:24  Probe  
  15  0:32  Probe  
  15  0:37  Gateway  
  15  0:40  Probe  
  16  0:46  Assimilator  
  17  0:51  Probe  
  18  1:03  Probe  
  19  1:15  Probe  
  20  1:25  Cybernetics Core  
  20  1:32  Nexus  
  20  1:35  Probe  
  21  1:42  Pylon  
  21  1:48  Assimilator  
  21  1:49  Probe  
  21  1:51  Adept  
  22  2:01  Probe  
  22  2:06  Shield Battery  
  25  2:09  Warp Gate  
  25  2:11  Stalker  
  25  2:13  Probe  
  28  2:25  Probe  
  29  2:36  Twilight Council  
  29  2:38  Probe  
  29  2:40  Probe  
  30  2:48  Probe  
  30  2:50  Probe  
  32  2:57  Robotics Facility, Blink  
  33  3:01  Probe  
  33  3:02  Probe  
  35  3:13  Probe  
  35  3:14  Probe  
  37  3:20  Gateway  
  37  3:25  Probe  
  37  3:26  Probe  
  39  3:35  Gateway  
  39  3:37  Gateway  
  39  3:40  Probe x2  
  41  3:43  Observer  
  42  3:49  Pylon  
  42  3:53  Pylon  
  42  3:56  Warp Prism  
  42  3:57  Stalker  
  44  4:07  Assimilator  
  44  4:08  Probe x2  
  48  4:17  Pylon  
  48  4:20  Probe x2  
  50  4:28  Stalker x2  
  50  4:29  Stalker  
  56  4:36  Stalker  
  58  4:39  Pylon  
  58  4:41  Observer  
  58  4:43  Assimilator  
  58  4:44  Probe, Pylon  
  60  4:46  Probe  
  61  5:05  Stalker x3  
  61  5:07  Stalker  
  69  5:11  Stalker  
  69  5:13  Probe x2  
  71  5:15  Pylon  
  71  5:33  Stalker x3  
  77  5:37  Stalker  
  77  5:41  Pylon  
  77  5:45  Robotics Bay  
  77  5:59  Nexus  
  77  6:01  Observer  
  77  6:02  Probe x2, Pylon  
  80  6:18  Probe x2  
  82  6:19  Colossus  
  82  6:20  Pylon  
  82  6:23  Charge  
  82  6:25  Forge  
  82  6:29  Gateway x2  
  82  6:30  Probe x2, Protoss Ground Weapons Level 1  
  82  6:32  Sentry x2  
  87  6:33  Extended Thermal Lance  
  93  6:42  Probe x2  
  95  6:47  Pylon  
  95  6:55  Shield Battery  
  95  6:57  Colossus  
  95  6:58  Probe x2  
  97  7:06  Shield Battery  
  97  7:11  Probe x2  
  97  7:12  Probe  
  106  7:24  Gateway  
  106  7:26  Observer, Gateway  
  106  7:30  Sentry x2  
  106  7:31  Zealot x2  
  109  7:37  Probe x3  
  109  7:41  Colossus  
  112  7:46  Zealot x2  
  116  7:54  Pylon  
  122  8:02  Probe x3  
  125  8:08  Zealot x4  
  119  8:30  Zealot x8  
  125  8:51  Zealot  
  125  8:52  Templar Archives, Zealot x7  
  140  9:15  Pylon  
  140  9:17  Pylon  
  139  9:18  Pylon x2  
  139  9:20  Pylon x2  
  135  9:32  Protoss Ground Weapons Level 2, Robotics Facility, Templar Archives  
  135  9:33  Forge  
  135  9:34  Probe x3  
  135  9:37  Gravitic Drive  
  138  9:39  Forge  
  138  9:49  Protoss Ground Armor Level 1  
  138  9:52  Observer  
  137  9:56  Probe x3  
  137  9:57  Assimilator  
  140  10:01  Pylon  
  140  10:02  Assimilator  
  140  10:04  Observer, Zealot x6  
  151  10:08  High Templar  
  151  10:09  High Templar  
  154  10:17  Observer, Archon  
  154  10:22  Disruptor  
  154  10:25  Disruptor  
  154  10:28  High Templar x2  
  158  10:33  Nexus  
  164  10:36  Pylon  
  164  10:42  Archon  
  164  10:49  Dark Shrine  
  164  10:51  Probe x3  
  164  10:52  Disruptor  
  166  10:59  Disruptor  
  166  11:03  Probe x2  
  166  11:04  Probe  
  175  11:12  Gateway  
  175  11:13  Gateway  
  173  11:20  Probe  
  173  11:21  Probe x2  
  176  11:30  Nexus  
  176  11:31  Disruptor  
  179  11:33  Pylon  
  179  11:35  Disruptor  
  179  11:38  Gateway  
  182  11:40  Gateway  
  182  11:48  Shadow Stride  
  182  12:02  Dark Templar  
  182  12:03  Dark Templar x3, Zealot x4  
  194  12:27  Warp Prism x2  
  182  12:44  Assimilator  
  182  12:45  Shield Battery  
  182  12:47  Shield Battery  
  182  12:48  Probe x3  
  182  12:49  Probe, Photon Cannon, Assimilator  
  182  12:50  Photon Cannon  
  186  12:51  Probe  
  186  12:53  Pylon  
  186  12:54  Shield Battery  
  186  12:55  Shield Battery  
  186  12:57  Photon Cannon  
  187  13:00  Probe x2  
  187  13:01  Probe x2  
  187  13:03  Observer x2  
  190  13:16  Probe x4  
  190  13:17  Probe  
  195  13:23  Dark Templar x2  
  183  13:59  Dark Templar  
  183  14:00  Dark Templar x7  
Tags
 
Add a new tag
Caveats
  • Supply blocks, unpowered buildings, or Contaminate may cause inaccurate times.
  • Supply counts are checked every 10 seconds.